 Dungeon Crawl Stone Soup version 0.19.0-20-gbc5f0c6 (webtiles) character file.

78 KarmaPolice the Charmwright (level 4, -3/34 HPs)
             Began as a Vampire Skald on Nov 17, 2016.
             Slain by a hobgoblin
             ... wielding a +0 club
              (4 damage)
             ... on level 2 of the Dungeon.
             The game lasted 00:02:28 (1915 turns).

KarmaPolice the Charmwright (Vampire Skald)         Turns: 1915, Time: 00:02:28

Health: -3/34      AC:  3    Str: 11    XL:     4   Next: 15%
Magic:  0/8        EV: 11    Int: 14    God:
Gold:   55         SH:  0    Dex: 14    Spells: 3 memorised, 3 levels left

rFire  . . .     SeeInvis +     a - +0 falchion
rCold  + . .     Gourm    .     b - +0 leather armour
rNeg   + + .     Faith    .     (no shield)
rPois  +         Spirit   .     (no helmet)
rElec  .         Reflect  .     (no cloak)
rCorr  .         Harm     .     (no gloves)
MR     .....                    (no boots)
Stlth  ++........               (no amulet)
                                (no ring)
                                (no ring)

@: infused (expiring), singing (expiring), regenerating slowly
A: fangs 3, see invisible, unbreathing
a: Bat Form, Stop Singing


You were on level 2 of the Dungeon.
You were thirsty.

You visited 1 branch of the dungeon, and saw 2 of its levels.

You collected 55 gold pieces.

Inventory:

Hand Weapons
 a - a +0 falchion (weapon)
Armour
 b - a +0 leather armour (worn)
Scrolls
 e - a scroll of fear {unknown}
 f - 2 scrolls of identify {unknown}
 g - a scroll of remove curse {unknown}
 h - a scroll of immolation {unknown}
Potions
 d - 6 potions of blood
 i - a potion of lignification {unknown}
 j - a potion of curing {unknown}
Books
 c - a book of Battle

   Spells                             Type                      Level
   a - Infusion                       Charms                       1
   b - Shroud of Golubria             Charms/Translocation         2
   c - Song of Slaying                Charms                       2
   d - Spectral Weapon                Hexes/Charms                 3
   e - Regeneration                   Charms/Necromancy            3


   Skills:
 + Level 2.5 Fighting
 + Level 2.5 Long Blades
 - Level 0.7 Armour
 - Level 1.1 Dodging
 + Level 2.8 Spellcasting
 + Level 3.9 Charms


You had 3 spell levels left.
You knew the following spells:

 Your Spells              Type           Power        Failure   Level  Hunger
a - Infusion              Chrm           ##..         8%          1    #......
b - Shroud of Golubria    Chrm/Tloc      #.........   21%         2    ###....
c - Song of Slaying       Chrm           ##......     10%         2    ###....


Dungeon Overview and Level Annotations

Branches:
Dungeon (2/15)

Altars:


Innate Abilities, Weirdness & Mutations

You heal slowly.
You have razor-sharp teeth.
You have supernaturally acute eyesight. (SInv)
You can survive without breathing.


Message History

The hobgoblin hits you but does no damage.
You see here an adder corpse.
The rat bites you but does no damage.
Unknown command.
You completely miss the hobgoblin. The rat barely misses you.
You riposte.
You hit the rat.
You kill the rat!
The hobgoblin hits you.
* * * LOW HITPOINT WARNING * * *
You barely miss the hobgoblin.
Your song is almost over.
You hear an angry hiss.
The hobgoblin hits you but does no damage.
The hobgoblin hits you with a club.
* * * LOW HITPOINT WARNING * * *
An adder comes into view.
You hit the hobgoblin.
The hobgoblin is almost dead.
The hobgoblin closely misses you. The hobgoblin hits you with a club.
You die...

..... #........≈
#.....#.........
#....#..)..≈≈..
#.........≈..≈≈
#....#..?.≈....
#..........≈≈⌠.
#...........⌠≈≈
##...≈≈S.r. ######
##@g.≈..≈≈.. .....#
###g†..≈$...≈≈ .....#
#..†#...≈≈....
.....########.###....≈≈...
......#.......# #.###≈≈≈≈≈
.............## ### #≈≈≈≈
..............# #####
..............# #.#
..............#### #.#


You could see an adder and 2 hobgoblins.

Vanquished Creatures
  A bullfrog skeleton (D:1)
  2 adders (D:2)
  A worm (D:2)
  A giant cockroach (D:1)
  3 hobgoblins
  10 jackals
  2 bats
  A frilled lizard (D:2)
  3 kobolds (D:1)
  6 rats
30 creatures vanquished.

Notes
Turn   | Place    | Note
-------+----------+-------------------------------------------
     0 | D:1      | KarmaPolice the Vampire Skald began the quest for the Orb.
     0 | D:1      | Reached XP level 1. HP: 16/16 MP: 3/3
   788 | D:1      | Reached XP level 2. HP: 7/22 MP: 3/5
   808 | D:1      | Learned a level 2 spell: Shroud of Golubria
   811 | D:1      | Learned a level 2 spell: Song of Slaying
   985 | D:1      | Reached XP level 3. HP: 8/27 MP: 1/6
  1909 | D:2      | Reached XP level 4. HP: 10/34 MP: 0/8
  1914 | D:2      | HP: 1/34 [hobgoblin/club (1)]
  1915 | D:2      | Slain by a hobgoblin

Skill      XL: |  1 |
---------------+----+-----
Fighting       | 2 |  2.5
Long Blades    | |  2.5
Armour         | |  0.7
Dodging        | |  1.1
Spellcasting   | |  2.8
Charms         | |  3.9

Action                   |  1- 3 |  4- 6 || total
-------------------------+-------+-------++-------
Melee: Falchion          |    77 |     4 ||    81
       Bite              |     8 |       ||     8
       Unarmed           |     3 |       ||     3
 Cast: Infusion          |     8 |       ||     8
       Shroud of Golubri |     5 |       ||     5
       Song of Slaying   |     2 |       ||     2
 Abil: End Transformatio |     2 |       ||     2
       Bat Form          |     2 |       ||     2
  Use: Potion            |     2 |       ||     2
 Stab: Sleeping          |     1 |       ||     1
Armor: Leather armour    |    24 |     3 ||    27
Dodge: Dodged            |    71 |     4 ||    75
       Rpst.: Falchion   |    19 |     2 ||    21
